 Dungeon Crawl Stone Soup version 0.23.2-1-ga50397a (webtiles) character file.

Game seed: 16527026631058593018

5684 xveg the Whirler (level 11, -3/78 HPs)
             Began as a Halfling Hunter on May 9, 2019.
             Was an Elder of Uskayaw.
             Slain by an orc warrior
             ... wielding a +0 hand axe
              (5 damage)
             ... on level 2 of the Orcish Mines.
             The game lasted 00:22:16 (9365 turns).

xveg the Whirler (Halfling Hunter)                  Turns: 9365, Time: 00:22:21

Health: -3/78      AC:  5    Str: 16    XL:     11   Next: 4%
Magic:  2/2        EV: 22    Int: 13    God:    Uskayaw [****..]
Gold:   182        SH:  6    Dex: 16    Spells: 8/10 levels left

rFire    . . .     SeeInvis +   a - +3 hunting sling (freeze)
rCold    . . .     Gourm    .   y - +0 buckler
rNeg     + . .     Faith    .   G - +1 leather armour of the Tarantula {Int+4 SInv}
rPois    .         Spirit   .   (no helmet)
rElec    .         Reflect  .   o - +0 cloak
rCorr    .         Harm     .   (no gloves)
MR       .....                  (no boots)
Stlth    ++........             I - amulet "Jojut" {+Rage +Fly MP-9 Slay-4 SInv}
HPRegen  0.23/turn              k - +6 ring of evasion
MPRegen  0.08/turn              v - ring of positive energy

@: lightly drained
A: small, mutation resistance 1
a: Stomp, Line Pass, Renounce Religion, Evoke Berserk Rage, Evoke Flight


You were on level 2 of the Orcish Mines.
You worshipped Uskayaw.
Uskayaw was noncommittal.
You were not hungry.

You visited 2 branches of the dungeon, and saw 11 of its levels.

You collected 662 gold pieces.
You spent 480 gold pieces at shops.

Inventory:

Hand Weapons
 a - a +3 hunting sling of freezing (weapon)
 b - a +0 short sword
 A - a +0 hand crossbow
 L - a +0 shortbow
Missiles
 d - 43 sling bullets
 i - 210 stones (quivered)
 D - 74 arrows
Armour
 c - a +0 leather armour
 n - a +0 ring mail
 o - a +0 cloak (worn)
 y - a +0 buckler (worn)
 G - the +1 leather armour of the Tarantula (worn) {Int+4 SInv}
   (You found it on level 7 of the Dungeon)

   It affects your intelligence (+4).
   It lets you see invisible.
 N - a +0 troll leather armour
Magical Staves
 q - an uncursed staff of air
Jewellery
 k - a +6 ring of evasion (left hand)
 t - an uncursed ring of poison resistance
 v - a ring of positive energy (right hand)
 w - a +5 amulet of reflection
 E - an uncursed ring of flight {unknown}
 I - the amulet "Jojut" (around neck) {+Rage +Fly MP-9 Slay-4 SInv}
   (You bought it in a shop on level 7 of the Dungeon)

   [amulet of rage]

   It affects your accuracy and damage with ranged weapons and melee attacks
   (-4).
   It affects your magic capacity (-9).
   It lets you see invisible.
   It lets you fly.
   It lets you go berserk.
 J - an uncursed ring of protection from cold {unknown}
Wands
 B - a wand of polymorph (7)
 C - a wand of acid (6)
 F - a wand of random effects (8)
 K - a wand of flame (8)
Scrolls
 e - 5 scrolls of immolation
 h - 8 scrolls of identify
 j - 2 scrolls of remove curse
 p - a scroll of magic mapping
Potions
 g - 4 potions of flight {unknown}
 m - a potion of brilliance {unknown}
 r - 3 potions of curing {unknown}
 s - 3 potions of heal wounds {unknown}
 u - a potion of might {unknown}
 x - 3 potions of lignification {unknown}
 z - a potion of magic {unknown}
 H - 5 potions of degeneration {unknown}
Miscellaneous
 M - a lightning rod (4/4)
Comestibles
 f - 13 rations


   Skills:
 + Level 8.4(8.0) Fighting
 + Level 15.3(14.8) Slings
 + Level 4.8(4.4) Armour
 + Level 4.1(3.7) Dodging
 + Level 3.0(2.5) Stealth
 + Level 3.7(3.3) Shields


You had 8 spell levels left.
You knew the following spells:

 Your Spells              Type           Power        Failure   Level  Hunger
a - Ensorcelled Hibernat  Hex/Ice        #.....       56%         2    ###....

Your spell library contained the following spells:

 Spells                   Type           Power        Failure   Level  Hunger
 Corona                   Hex            #......      41%         1    ##.....
 Confuse                  Hex            #.......     80%         3    ####...
 Dazzling Spray           Conj/Hex       #.....       80%         3    ####...
 Tukima's Dance           Hex            #.......     80%         3    ####...


Dungeon Overview and Level Annotations

Branches:
Dungeon (9/15)             Temple (0/1) D:5             Orc (2/2) D:9
    Elf (0/3) Orc:2
   Lair: D:8-11

Altars:
Ashenzari
Dithmenos
Fedhas
Kikubaaqudgha
Nemelex Xobeh
Okawaru
Qazlal
Ru
Sif Muna
Uskayaw
Yredelemnul
Zin

Shops:
D:7 =   D:9 :

Annotations:
D:9 3 runed translucent doors, agruto's ghost, novice DDBe


Innate Abilities, Weirdness & Mutations

You are small and have problems with some larger weapons.
You are somewhat resistant to further mutation.


Message History

* * * LOW HITPOINT WARNING * * *
The orc warrior closely misses you.
Firing (i - inventory. (/) - cycle)
i - 212 stones (quivered)
Press: ? - help, Shift-Dir - straight line, f/p - orc wizard
Aim: an orc wizard, wielding a +0 dagger and wearing a +0 robe (almost dead, slightly transparent)
You shoot a stone.
The stone hits the orc wizard but does no damage.
The orc wizard is almost dead.
The orc hits you but does no damage. You partially resist.
You feel drained.
The orc wizard begins to cast a cantrip, but forgets the words!
Firing (i - inventory. (/) - cycle)
i - 211 stones (quivered)
Press: ? - help, Shift-Dir - straight line, f/p - orc wizard
Aim: an orc wizard, wielding a +0 dagger and wearing a +0 robe (almost dead, slightly transparent)
You shoot a stone. The stone hits the orc wizard.
The stone freezes the orc wizard.
You kill the orc wizard!
The orc warrior hits you with a cursed -2 mace!
* * * LOW HITPOINT WARNING * * *
The orc warrior hits you with a +0 hand axe.
You die...

############
##(#......#.###
#........(.....
...............
(.....o@o......
......oo)......
.......o.....>.
......((.#..(#.
.#.#...(.....#
........(.....#
.......)..(...#
.......(#(#...(
#......#..(...#


You could see 2 orc warriors, an orc wizard and 2 orcs.

Vanquished Creatures
  Psyche (D:8)
  2 trolls
  2 hippogriffs (D:7)
  2 hornets
  A warg (Orc:1)
  Menkaure (D:6)
  Duvessa (D:4)
  3 ice beasts
  5 orc warriors
  A sky beast (D:5)
  3 ogres
  A phantom (D:8)
  4 centaurs
  2 big kobolds (D:8)
  7 bullfrogs
  2 scorpions
  Dowan (D:4)
  7 crimson imps
  A bullfrog zombie (D:8)
  A jelly (D:8)
  A quasit (D:7)
  3 hounds
  A bullfrog skeleton (D:6)
  A gnoll shaman (D:8)
  4 orc priests
  Terence (D:3)
  2 iguanas
  9 orc wizards
  9 worker ants
  A killer bee zombie (D:9)
  A hound skeleton (D:9)
  A hound zombie (D:9)
  15 adders
  11 gnolls
  5 shadow imps
  An ooze (D:2)
  3 adder skeletons
  An adder zombie (D:9)
  4 worms
  2 dart slugs (D:3)
  6 leopard geckos
  36 orcs
  5 giant cockroaches
  11 goblins
  6 hobgoblins
  13 jackals
  18 kobolds
  4 quokkas
  2 ball pythons
  7 bats
  6 frilled lizards
  A leopard gecko skeleton (D:4)
  12 rats
251 creatures vanquished.

Notes
Turn   | Place    | Note
-------+----------+-------------------------------------------
     0 | D:1      | xveg the Halfling Hunter began the quest for the Orb.
     0 | D:1      | Reached XP level 1. HP: 14/14 MP: 1/1
     9 | D:1      | Reached skill level 6 in Slings
    64 | D:1      | Reached XP level 2. HP: 19/19 MP: 2/2
   623 | D:1      | Reached XP level 3. HP: 24/24 MP: 3/3
   816 | D:2      | Reached skill level 7 in Slings
   990 | D:2      | Reached XP level 4. HP: 29/29 MP: 4/4
  1367 | D:2      | Found a sparkling altar of Nemelex Xobeh.
  1369 | D:2      | Reached skill level 8 in Slings
  1644 | D:3      | Reached XP level 5. HP: 34/34 MP: 5/5
  1654 | D:3      | Reached skill level 1 in Armour
  1660 | D:3      | Found an iron altar of Okawaru.
  1770 | D:3      | Found a glowing silver altar of Zin.
  1776 | D:3      | Found a stormy altar of Qazlal.
  1898 | D:3      | Reached XP level 6. HP: 11/41 MP: 6/6
  2192 | D:3      | Found a sparkling altar of Nemelex Xobeh.
  2194 | D:3      | Found an ancient bone altar of Kikubaaqudgha.
  2194 | D:3      | Found a hide-covered altar of Uskayaw.
  2195 | D:3      | Found a sacrificial altar of Ru.
  2206 | D:3      | Became a worshipper of Uskayaw the Reveler
  2237 | D:3      | Reached * piety under Uskayaw
  2262 | D:3      | Noticed an ogre
  2262 | D:3      | Noticed Terence
  2265 | D:3      | Reached ** piety under Uskayaw
  2269 | D:3      | Reached *** piety under Uskayaw
  2270 | D:3      | Killed an ogre
  2270 | D:3      | Reached skill level 9 in Slings
  2275 | D:3      | Reached **** piety under Uskayaw
  2279 | D:3      | Killed Terence
  2813 | D:4      | Noticed Duvessa
  2813 | D:4      | Noticed Dowan
  2843 | D:4      | Killed Dowan
  2843 | D:4      | Reached XP level 7. HP: 35/46 MP: 7/7
  2845 | D:4      | Killed Duvessa
  2845 | D:4      | Reached skill level 10 in Slings
  3110 | D:4      | Found a sacrificial altar of Ru.
  3556 | D:5      | Entered Level 5 of the Dungeon
  3724 | D:5      | Reached skill level 11 in Slings
  3724 | D:5      | Reached XP level 8. HP: 26/54 MP: 8/8
  3725 | D:5      | Reached ***** piety under Uskayaw
  3726 | D:5      | Reached skill level 1 in Shields
  4067 | D:5      | Found a staircase to the Ecumenical Temple.
  4545 | D:6      | Reached skill level 12 in Slings
  4668 | D:6      | Found a shattered altar of Ashenzari.
  4858 | D:6      | Noticed Menkaure
  4880 | D:6      | Killed Menkaure
  4880 | D:6      | Reached XP level 9. HP: 47/60 MP: 9/9
  4891 | D:6      | Reached skill level 5 in Fighting
  5011 | D:6      | Reached skill level 13 in Slings
  5039 | D:6      | Reached ****** piety under Uskayaw
  5341 | D:6      | Found a basalt altar of Yredelemnul.
  5725 | D:7      | Noticed a hippogriff
  5751 | D:7      | Killed a hippogriff
  5932 | D:7      | Found Tefracw's Jewellery Boutique.
  6083 | D:7      | Noticed a hippogriff
  6091 | D:7      | Killed a hippogriff
  6091 | D:7      | Reached XP level 10. HP: 69/69 MP: 10/10
  6096 | D:7      | Got a smoking leather armour
  6097 | D:7      | Identified the cursed +1 leather armour of the Tarantula
                  | {Int+4 SInv} (You found it on level 7 of the Dungeon)
  6252 | D:7      | Reached skill level 14 in Slings
  6501 | D:8      | Noticed Psyche
  6507 | D:8      | Killed Psyche
  6553 | D:7      | Bought the amulet "Jojut" {+Rage +Fly MP-9 Slay-4 SInv} for
                  | 480 gold pieces
  7474 | D:8      | Found a deep blue altar of Sif Muna.
  7883 | D:8      | Found a blossoming altar of Fedhas.
  7977 | D:8      | Learned a level 2 spell: Ensorcelled Hibernation
  8080 | D:9      | Found Biab's Book Shop.
  8117 | D:9      | Found a runed translucent gate.
  8117 | D:9      | Found a runed translucent gate.
  8117 | D:9      | Found a runed translucent gate.
  8117 | D:9      | Noticed a freezing wraith
  8132 | D:9      | Found a shadowy altar of Dithmenos.
  8149 | D:9      | Found a staircase to the Orcish Mines.
  8580 | D:9      | Reached skill level 15 in Slings
  9086 | D:9      | Noticed agruto's ghost (novice DDBe)
  9203 | Orc:1    | Entered Level 1 of the Orcish Mines
  9220 | Orc:1    | Reached XP level 11. HP: 78/78 MP: 2/11
  9318 | Orc:2    | Entered Level 2 of the Orcish Mines
  9318 | Orc:2    | Found a staircase to the Elven Halls.
  9365 | Orc:2    | HP: 2/78 [orc warrior/cursed -2 mace (13)]
  9365 | Orc:2    | Slain by an orc warrior

Skill      XL: |  1  2  3  4  5  6  7  8  9 10 11 |
---------------+----------------------------------+-----
Slings         | 6 7 8 9 11 12 13 15 | 15.3
Fighting       | 2 3 4 6 8 |  8.4
Armour         | 1 2 4 |  4.8
Shields        | 1 2 3 |  3.7
Dodging        | 3 4 |  4.1
Stealth        | 2 3 |  3.0

Action                   |  1- 3 |  4- 6 |  7- 9 | 10-12 || total
-------------------------+-------+-------+-------+-------++-------
 Fire: Hunting sling     |    85 |   256 |   460 |   441 ||  1242
  Use: Scroll            |       |     4 |     3 |     5 ||    12
       Potion            |       |       |     1 |     2 ||     3
  Eat: Chunk             |       |     2 |     3 |     2 ||     7
       Ration            |       |     1 |     2 |     2 ||     5
Armor: Leather armour    |     2 |       |       |    13 ||    15
       Ring mail         |       |    16 |    29 |       ||    45
Dodge: Dodged            |    11 |    79 |    97 |   165 ||   352
Block: Buckler           |       |       |    74 |    49 ||   123
       Reflection        |       |       |     2 |       ||     2
